 Dungeon Crawl Stone Soup version 0.30-a0-626-gd6a5dd7a1f (webtiles) character file.

Game seed: 17836567621146515263

627 BaabKaare the Ruffian (level 7, -2/53 HPs)
             Began as a Red Draconian Transmuter on Jan 11, 2023.
             Slain by a phantom (6 damage)
             ... on level 4 of the Dungeon.
             The game lasted 00:16:28 (5826 turns).

BaabKaare the Ruffian (Red Draconian Transmuter)    Turns: 5826, Time: 00:16:29

Health: -2/53      AC:  2    Str: 14 (15) XL:     7   Next: 23%
Magic:  1/12       EV: 20    Int: 11 (13) God:
Gold:   199        SH:  0    Dex: 15 (16) Spells: 1/13 levels left

rFire   + . .      SeeInvis .      - Unarmed
rCold   + . .      Faith    .    (shield currently unavailable)
rNeg    . . .      Spirit   .    (body armour unavailable)
rPois   .          Reflect  .    (helmet currently unavailable)
rElec   +          Harm     .    (cloak currently unavailable)
rCorr   +          Rampage  .    (gloves currently unavailable)
Will    +....                    (boots currently unavailable)
Stlth   ++                       (no amulet)
HPRegen 0.28/turn                j - ring of willpower
MPRegen 0.13/turn                (no ring)

@: spider-form, resistant, flying, hasted, very quick
A: venomous fangs, (breathe fire), AC +6, tiny, unfitting armour, (fire
resistance 1), (cold-blooded), (horns 1)
a: End Transformation


You were on level 4 of the Dungeon.
You were a venomous arachnid creature.
You visited 1 branch of the dungeon, and saw 5 of its levels.

You collected 199 gold pieces.

Inventory:

Armour
 k - a +1 cloak (melded)
Jewellery
 j - a ring of willpower (left front pincers)
 r - a ring of poison resistance
Scrolls
 b - 2 scrolls of fear {unknown}
 e - 2 scrolls of amnesia {unknown}
 f - a scroll of magic mapping {unknown}
 i - 4 scrolls of identify {unknown}
 l - a scroll of noise {unknown}
 o - 2 scrolls of butterflies {unknown}
 p - 2 scrolls of teleportation {unknown}
 q - 2 scrolls of enchant armour {unknown}
Potions
 a - a potion of lignification
 c - 2 potions of curing
 d - 3 potions of flight
 g - a potion of haste


   Skills:
 + Level 1.8 Fighting
 + Level 2.9 Dodging
 + Level 1.2 Stealth
 + Level 5.1 Unarmed Combat
 + Level 3.9 Spellcasting
 + Level 4.2 Transmutations
 + Level 0.4 Ice Magic
 + Level 1.3 Poison Magic


You had one spell level left.
You knew the following spells:

 Your Spells              Type           Power      Damage    Failure   Level
a - Beastly Appendage     Tmut           22%        N/A       13%         1
b - Wereblood             Tmut           11%        N/A       17%         2
c - Spider Form           Tmut/Pois      8%         N/A       45%         3
d - Ice Form              Ice/Tmut       7%         N/A       85%         4
e - Passwall              Tmut/Erth      5%         N/A       34%         2

Your spell library contained the following spells:

 Spells                   Type           Power      Damage    Failure   Level
 Sandblast                Erth           4%         2d4       45%         1
 Poisonous Vapours        Pois/Air       6%         N/A       50%         2
 Cigotuvi's Dreadful Rot  Necr/Pois/Air  6%         N/A       52%         2
 Mephitic Cloud           Conj/Pois/Air  3%         N/A       73%         3
 Stone Arrow              Conj/Erth      4%         3d7       78%         3
 Dispel Undead            Necr           2%         3d7       98%         4
 Death Channel            Necr           1%         N/A       100%        6


Dungeon Overview and Level Annotations

Branches:
Dungeon (5/15)             Temple (0/1) D:4

Altars:
Sif Muna

Shops:
D:3 (


Innate Abilities, Weirdness & Mutations

You are a venomous arachnid creature.
You have venomous fangs.
You are tiny and dextrous.
Your spellcasting is less reliable in this form.
Your armour is entirely melded.
You are incapable of wielding weapons or throwing items.
((You can breathe blasts of fire.))
((Your fiery red scales are hard. (AC +6)))
You cannot fit into any form of body armour.
((Your flesh is heat resistant. (rF+)))
((You are cold-blooded and may be slowed by cold attacks.))
((You have a pair of small horns on your head.))


Message History

The phantom hits you but does no damage.
You hit the ice beast.
The ice beast is almost dead.
The ice beast hits you. The ice beast freezes you!
* * * LOW HITPOINT WARNING * * *
The phantom misses you.
It was a potion of flight.
You feel very buoyant.
You fly up into the air.
Your transformation has ended.
Your +1 cloak unmelds from your body.
The ice beast looks more healthy.
The ice beast hits you but does no damage.
The phantom hits you but does no damage.
It was a potion of haste.
You feel yourself speed up. The ice beast closely misses you.
The phantom barely misses you.
It was a potion of resistance.
You feel protected. The ice beast misses you. The phantom hits you.
* * * LOW HITPOINT WARNING * * *
The phantom blinks!
You blink.
Okay, then.
It was a potion of mutation.
You feel extremely strange. A pair of horns grows on your head!
Casting: Spider Form (dangerous; 21% risk of failure)
Confirm with . or Enter, or press ? or * to list all spells.
You don't know that spell.
It was a potion of degeneration.
There was something very wrong with that liquid.
You feel weakened.
You feel dopey.
You feel clumsy. The phantom barely misses you.
Casting: Spider Form (dangerous; 24% risk of failure)
Confirm with . or Enter, or press ? or * to list all spells.
You turn into a venomous arachnid creature.
Your +1 cloak melds into your body.
The phantom misses you.
You bite the phantom!
The phantom is moderately damaged.
You barely miss the phantom.
The phantom is moderately damaged.
The phantom hits you.
You die...

#.##..# #..#### #.#
#.##..##########..##.## #.#
#.##................#.# #.#
#.########.####.####.## #.#
#.# #ยง# #.# #.# #.# #.# #>#
#.# #.# #.# #.# #.# #.# #.#
#.# #.# #Y####.# #.# #.# #.#
#.Ws...# #.# #.# #.# #####..#
#.####.### #.#
#..####.##...... #.#
#<.........##### #.#
##.####.#### #.# ###.####.#
#.# ##........#
#.##########.###.....########
#............# #.###.........


You could see an ice beast and a phantom.

Vanquished Creatures
  A bullfrog (D:4)
  3 scorpions
  A hound (D:5)
  A jelly (D:4)
  2 iguanas
  4 orc wizards
  4 adders
  3 gnolls (D:2)
  5 worms
  6 dart slugs
  5 orcs
  7 bats
  6 endoplasms
  3 giant cockroaches
  14 goblins
  3 hobgoblins
  7 jackals
  7 quokkas
  7 ball pythons
  2 frilled lizards
  4 kobolds
  3 rats
98 creatures vanquished.

Vanquished Creatures (others)
  6 plants (D:3)
6 creatures vanquished.

Grand Total: 104 creatures vanquished

Notes
Turn   | Place    | Note
-------+----------+-------------------------------------------
     0 | D:1      | BaabKaare the Draconian Transmuter began the quest for the
                  | Orb.
     0 | D:1      | Reached XP level 1. HP: 16/16 MP: 3/3
   283 | D:1      | Reached XP level 2. HP: 20/23 MP: 3/5
   298 | D:1      | Learned a level 2 spell: Wereblood
  1666 | D:2      | Reached XP level 3. HP: 28/28 MP: 2/6
  1718 | D:2      | Found a shimmering blue altar of Sif Muna.
  2089 | D:4      | Found a staircase to the Ecumenical Temple.
  2089 | D:4      | Noticed a scorpion
  2117 | D:3      | Killed a scorpion
  2118 | D:3      | Reached skill level 4 in Unarmed Combat
  2118 | D:3      | Reached XP level 4. HP: 7/35 MP: 5/8
  2120 | D:3      | Reached XP level 5. HP: 7/40 MP: 5/9
  2246 | D:3      | Learned a level 3 spell: Spider Form
  2251 | D:3      | Learned a level 4 spell: Ice Form
  3068 | D:5      | Entered Level 5 of the Dungeon
  3389 | D:4      | Reached XP level 6. HP: 33/47 MP: 2/10
  3845 | D:4      | Reached skill level 1 in Stealth
  4094 | D:4      | Reached skill level 1 in Poison Magic
  4624 | D:3      | Your scales start taking on a fiery red colour.
  4624 | D:3      | Reached XP level 7. HP: 53/53 MP: 8/12
  4624 | D:3      | Gained mutation: Your flesh is heat resistant. (rF+) [Red
                  | Draconian growth]
  4625 | D:3      | Reached skill level 5 in Unarmed Combat
  4641 | D:3      | Learned a level 2 spell: Passwall
  4653 | D:3      | Identified the +1 hand axe "Killer Bee's Death" {pain,
                  | *Noise rCorr Str+3 Int+3 Dex+2}
  4853 | D:3      | Found Makinait's Antique Weapon Boutique.
  5822 | D:4      | Gained mutation: You have a pair of small horns on your
                  | head. [potion of mutation]
  5826 | D:4      | Slain by a phantom

Illustrated notes

Levels and vault maps discovered:
D:1:      dpeg_arrival_simpleton_c, layout_loops_corners
D:2:      layout_basic, basic_altar
D:3:      kb_forest_paths, layout_basic, serial_shops,
          nicolae_shop_overgrown_old_shop
D:4:      layout_loops_ring, minmay_temple_entry_arrows
D:5:      layout_layer_cave

Skill      XL: |  1  2  3  4  5  6  7 |
---------------+----------------------+-----
Dodging        | 2 |  2.9
Unarmed Combat | 4 5 |  5.1
Spellcasting   | 3 |  3.9
Transmutations | 3 4 |  4.2
Stealth        | 1 |  1.2
Poison Magic   | 1 |  1.3
Fighting       | |  1.8
Ice Magic      | |  0.4

Action                   |  1- 3 |  4- 6 |  7- 9 || total
-------------------------+-------+-------+-------++-------
Melee: Unarmed           |   117 |   122 |    41 ||   280
       Kick              |    25 |     5 |       ||    30
       Headbutt          |    13 |     2 |       ||    15
       Tailslap          |     7 |     5 |     1 ||    13
       Punch             |     5 |     1 |       ||     6
 Cast: Beastly Appendage |    26 |     5 |       ||    31
       Wereblood         |     3 |     1 |       ||     4
       Spider Form       |       |    20 |     5 ||    25
       Ice Form          |       |       |     3 ||     3
  Use: Potion            |       |     1 |     5 ||     6
 Stab: Distracted        |       |     1 |       ||     1
       Sleeping          |       |     1 |       ||     1
Armor: Skin              |    38 |    21 |    15 ||    74
Dodge: Dodged            |    75 |    99 |    41 ||   215

Table legend: (Time is in decaauts)
 A = Elapsed time spent in this place.
 B = Non-inter-level travel time spent in this place.
 C = Inter-level travel time spent in this place.
 D = Time resting spent in this place.
 E = Time spent auto-exploring this place.
 F = Levels seen in this place.
 G = Mean time per level.
                   A        B        C        D        E       F      G
               +--------+--------+--------+--------+--------+-----+--------+
         Total |   5805 |   5694 |    111 |   2156 |   2052 |   5 | 1161.0 |
       Dungeon |   5805 |   5694 |    111 |   2156 |   2052 |   5 | 1161.0 |
               +--------+--------+--------+--------+--------+-----+--------+

Top non-repeatable levels by time:
     D:3: 1637 daAuts
     D:4: 1555 daAuts
     D:1: 1509 daAuts
     D:2: 1054 daAuts
     D:5: 49 daAuts
